 Dungeon Crawl Stone Soup version 0.22.1-1-ga44c0e5 (webtiles) character file.

77 Zephyr the Charmwright (level 3, -4/29 HPs)
             Began as a Demigod Skald on Nov 2, 2018.
             Slain by Natasha (7 damage)
             ... on level 3 of the Dungeon.
             The game lasted 00:10:07 (2527 turns).

Zephyr the Charmwright (Demigod Skald)              Turns: 2527, Time: 00:10:09

Health: -4/29      AC:  4    Str: 16    XL:     3   Next: 91%
Magic:  7/8        EV: 16    Int: 17    God:
Gold:   166        SH:  0    Dex: 20    Spells: 5/6 levels left

rFire    . . .     SeeInvis .   a - +0 hand axe
rCold    . . .     Gourm    .   (no shield)
rNeg     . . .     Faith    .   b - +0 leather armour
rPois    .         Spirit   .   (no helmet)
rElec    .         Reflect  .   f - +0 cloak
rCorr    .         Harm     .   (no gloves)
MR       .....                  (no boots)
Stlth    +++.......             (no amulet)
HPRegen  0.09/turn              (no ring)
MPRegen  0.11/turn              (no ring)

@: agile, drained
A: high mp 1
a: no special abilities


You were on level 3 of the Dungeon.
You were very hungry.

You visited 1 branch of the dungeon, and saw 3 of its levels.

You collected 166 gold pieces.

Inventory:

Hand Weapons
 a - a +0 hand axe (weapon)
Armour
 b - a +0 leather armour (worn)
 f - a +0 cloak (worn)
Jewellery
 g - a +3 ring of intelligence {unknown}
 m - an uncursed ring of magical power {unknown}
Scrolls
 e - 7 scrolls of identify {unknown}
 h - a scroll of teleportation {unknown}
 i - 4 scrolls of magic mapping {unknown}
 k - a scroll of amnesia {unknown}
 n - a scroll of enchant armour {unknown}
Potions
 c - a potion of agility
 j - a potion of berserk rage {unknown}
 l - a potion of haste {unknown}
Comestibles
 d - 5 rations


   Skills:
 + Level 2.2(1.5) Fighting
 * Level 2.8(2.1) Axes
 + Level 1.5(0.8) Armour
 - Level 1.7(1.0) Dodging
 + Level 2.1(1.4) Spellcasting
 + Level 3.0(2.3) Charms


You had 5 spell levels left.
You knew the following spells:

 Your Spells              Type           Power        Failure   Level  Hunger
a - Infusion              Chrm           #...         10%         1    ##.....

Your spell library contained the following spells:

 Spells                   Type           Power        Failure   Level  Hunger
 Song of Slaying          Chrm           #.......     14%         2    ###....
 Shroud of Golubria       Chrm/Tloc      #.........   24%         2    ###....
 Regeneration             Chrm/Necr      #.........   43%         3    ####...
 Spectral Weapon          Hex/Chrm       #.......     43%         3    ####...


Dungeon Overview and Level Annotations

Branches:
Dungeon (3/15)

Annotations:
D:3 Natasha


Innate Abilities, Weirdness & Mutations

You have an increased reservoir of magic. (+10% MP)


Message History

Natasha, Servant of Life and Death comes into view.
The orc closely misses you.
Natasha hisses angrily.
You hit the orc.
You kill the orc!
Natasha wildly gestures.
You feel disoriented.
You barely miss Natasha. Natasha closely misses you. Natasha claws you.
You slash Natasha!
Natasha is severely wounded.
Natasha claws you.
* * * LOW HITPOINT WARNING * * *
You hit Natasha.
Natasha is almost dead.
Natasha claws you.
* * * LOW HITPOINT WARNING * * *
It was a potion of agility.
You feel agile all of a sudden. Natasha claws you!
You die...

#.# ##.##†.....#
#.###...##....(#
#.##..#..#.....###.#
#.##.###.#.........#
#.##.###.####..#####
#.##.#_...###..###
#.'..#...._##.(.h#
####.#_...###h##......
#.###.## #@# ....hK
#.###.# #.# ...o.
#..#..# #.. .....
##...## #..# h?..
##.## ..## . #_# .(#
### ###


You could see Natasha.

Vanquished Creatures
  2 adders
  A worm (D:2)
  A dart slug (D:2)
  2 leopard geckos
  An orc (D:3)
  2 ball pythons (D:2)
  4 giant cockroaches
  4 goblins
  6 hobgoblins
  A jackal (D:3)
  5 kobolds
  3 quokkas
  6 bats
  2 frilled lizards
  5 rats
45 creatures vanquished.

Notes
Turn   | Place    | Note
-------+----------+-------------------------------------------
     0 | D:1      | Zephyr the Demigod Skald began the quest for the Orb.
     0 | D:1      | Reached XP level 1. HP: 17/17 MP: 5/5
   257 | D:1      | Reached skill level 1 in Armour
   347 | D:1      | Reached XP level 2. HP: 23/24 MP: 0/7
  1370 | D:2      | Reached XP level 3. HP: 28/29 MP: 3/8
  1693 | D:2      | Reached skill level 3 in Charms
  2368 | D:3      | Found a hide-covered altar of Uskayaw.
  2368 | D:3      | Found a faded altar of an unknown god.
  2373 | D:3      | Found a faded altar of an unknown god.
  2375 | D:3      | Found a shattered altar of Ashenzari.
  2376 | D:3      | Found an ancient bone altar of Kikubaaqudgha.
  2520 | D:3      | Noticed Natasha
  2527 | D:3      | Slain by Natasha

Skill      XL: |  1  2  3 |
---------------+----------+-----
Armour         | 1 |  1.5
Axes           | 2 |  2.8
Fighting       | 2 |  2.2
Spellcasting   | 2 |  2.1
Charms         | 3 |  3.0
Dodging        | |  1.7

Action                   || total
-------------------------++-------
Melee: Hand axe          ||   159
 Cast: Infusion          ||     9
  Use: Potion            ||     1
  Eat: Chunk             ||     4
Armor: Leather armour    ||    58
Dodge: Dodged            ||   117
